Description

2 reaper expand - 2-1-1 -> hellbat stim marines push -> 2-2-1 fast borrow wm drop into 5-2-1 standart

Replay - Maru v Solar - Lightshade LE

Build Order

Get SALT Encoding   

  12  0:00  SCV  
  13  0:12  SCV  
  14  0:17  Supply Depot  
  14  0:24  SCV  
  15  0:38  SCV  
  15  0:39  Barracks  
  16  0:43  Refinery  
  16  0:50  SCV  
  17  1:02  SCV  
  18  1:15  SCV  
  19  1:26  Reaper  
  19  1:27  Orbital Command  
  20  1:38  Command Center  
  20  1:49  Supply Depot  
  20  1:52  SCV  
  21  1:58  Reaper  
  22  2:04  SCV  
  22  2:06  Barracks  
  23  2:16  SCV  
  23  2:22  Refinery  
  25  2:34  Barracks Reactor  
  25  2:43  Factory  
  26  2:50  Orbital Command  
  26  2:53  Barracks Tech Lab  
  27  3:05  Command Center  
  27  3:12  Marine x3  
  31  3:24  Stimpack  
  33  3:31  Marine x3  
  36  3:39  Starport  
  37  3:41  Factory Reactor  
  37  3:52  Supply Depot  
  37  3:53  Marine x3  
  44  4:11  Marine  
  44  4:15  Supply Depot  
  48  4:18  Orbital Command  
  48  4:20  Hellion x2  
  52  4:26  Medivac  
  59  4:40  Armory  
  59  4:42  Supply Depot  
  60  4:48  Hellion x2  
  64  4:56  Orbital Command  
  64  4:58  Starport Reactor  
  69  5:01  Factory  
  71  5:17  Hellion x2  
  67  5:50  Factory Tech Lab  
  67  5:51  Widow Mine x2  
  67  5:52  Medivac x2  
  76  6:03  Engineering Bay x2  
  79  6:06  Refinery x2  
  79  6:10  Drilling Claws  
  79  6:14  Widow Mine x3  
  90  6:36  Terran Infantry Weapons Level 1  
  90  6:38  Terran Infantry Armor Level 1  
  90  6:43  Widow Mine x3  
  99  6:56  Medivac  
  107  7:08  Combat Shield  
  107  7:10  Widow Mine x2  
  117  7:26  Barracks x3  
  124  7:58  Medivac x2  
  125  8:18  Command Center  
  125  8:24  Siege Tank  
  125  8:26  Barracks Reactor x3  
  133  8:28  Medivac  
  133  8:31  Refinery x2  
  135  8:36  Terran Infantry Weapons Level 2  
  128  9:10  Medivac  
  124  9:27  Medivac  
  133  9:39  Factory  
  133  9:40  Medivac  
  143  9:54  Marauder  
Spawning Tool Build Advisor. Get it on Overwolf

Go to:

Details

  • Created by: talisman_tv
  • Published on: Sep 14, 2021
  • Modified on: Sep 14, 2021
  • Patch: 4.11.0
  • Difficulty: Hard
Show
View Real Time Build Order
Export as new Build Order

Comments (0)

There are no comments. Be the first!

Create an account to comment!